 Dungeon Crawl Stone Soup version 0.31.0-32-g396128a36d (webtiles) character file.

Game seed: 5333628398285376953

1820 spaghetti the Thaumaturge (level 8, 0/41 HPs)
             Began as a Deep Elf Summoner on Mar 10, 2024.
             Was a Follower of Kikubaaqudgha.
             Succumbed to a water moccasin's poison
             ... on level 6 of the Dungeon.
             The game lasted 00:06:08 (6056 turns).

spaghetti the Thaumaturge (Deep Elf Summoner)       Turns: 6056, Time: 00:06:09

Health: 0/41       AC:  6    Str:  5    XL:     8   Next: 85%
Magic:  15/23      EV: 12    Int: 23    God:    Kikubaaqudgha [*.....]
Gold:   105        SH:  0    Dex: 15    Spells: 16/26 levels left

rFire   . . .        m - +0 dagger (venom)
rCold   . . .        (no shield)
rNeg    . . .        a - +0 robe
rPois   .            (no helmet)
rElec   .            (no cloak)
rCorr   .            (no gloves)
SInv    .            (no boots)
Will    .....        k - amulet of the acrobat
Stlth   ++           p - ring of wizardry
HPRegen 0.26/turn    r - +4 ring of protection
MPRegen 0.18/turn

%: acrobat, wizardry (x1)
@: lethally poisoned (0 -> -6), weak-willed, inugami summoned
A: no striking features
a: Renounce Religion, Unearth Wretches


You were on level 6 of the Dungeon.
You worshipped Kikubaaqudgha.
Kikubaaqudgha was aware of your devotion.
You visited 1 branch of the dungeon, and saw 6 of its levels.

You collected 228 gold pieces.
You spent 123 gold pieces at shops.

Inventory:

Hand Weapons
 f - a +0 quarterstaff of flaming
 m - a +0 dagger of venom (weapon)
Armour
 a - a +0 robe (worn)
Jewellery
 k - an amulet of the acrobat (around neck)
 p - a ring of wizardry (left hand)
 q - a ring of positive energy
 r - a +4 ring of protection (right hand)
 t - a +5 ring of evasion
Wands
 s - a wand of flame (11)
Scrolls
 c - 2 scrolls of revelation
 d - a scroll of immolation
 g - a scroll of enchant weapon
 h - a scroll of amnesia
 i - 2 scrolls of vulnerability
 j - 2 scrolls of fear
 l - a scroll of poison
 o - a scroll of fog
Potions
 b - a potion of magic


   Skills:
 - Level 2.4 Dodging
 - Level 2.4 Stealth
 + Level 9.9 Spellcasting
 + Level 9.4 Summonings
 - Level 5.0 Fire Magic


You had 16 spell levels left.
You knew the following spells:

 Your Spells              Type           Power      Damage    Failure   Level
a - Summon Small Mammal   Summ           100%       N/A       1%          1
b - Call Imp              Summ           100%       N/A       1%          2
c - Call Canine Familiar  Summ           53%        N/A       1%          3
d - Summon Blazeheart Go  Fire/Summ      44%        N/A       1%          4

Your spell library contained the following spells:

 Spells                   Type           Power      Damage    Failure   Level
 Kiss of Death            Conj/Necr      44%        2d8       2%          1
 Necrotise                Necr           44%        1d6       2%          1
 Cigotuvi's Dreadful Rot  Necr/Alch/Air  22%        N/A       3%          2
 Summon Lightning Spire   Summ/Air       33%        N/A       3%          4
 Fugue of the Fallen      Necr           11%        N/A       7%          3
 Tukima's Dance           Hex            11%        N/A       7%          3
 Dimensional Bullseye     Hex/Tloc       5%         N/A       22%         4
 Iskenderun's Mystic Bla  Conj/Tloc      11%        2d4       22%         4


Dungeon Overview and Level Annotations

Branches:
Dungeon (6/15)             Temple (0/1) D:5

Altars:
Cheibriados
Kikubaaqudgha
Qazlal
Trog
Xom

Shops:
D:2 (   D:3 ?:*

Annotations:
D:4 3 runed translucent doors, seawaffle's ghost, amateur DsSh


Message History

You feel very sick. The water moccasin bites your inugami.
Your cerulean imp hits the water moccasin with a +1 spear.
Your quokka bites the water moccasin but does no damage.
Your inugami hits the water moccasin.
The water moccasin dies!
Kikubaaqudgha accepts your kill.
You see here 8 stones.
You are lethally poisoned (9 -> -4).
You are acrobatic and have increased evasion.
Your inugami has been summoned.
Your movement speed is average.
Your attack delay is about 1.0.
Your damage rating with your +0 dagger of venom is about 4 (Base 4 x 112% (Dex) x 100% (Skill)).
Okay, then.
Okay, then.
Okay, then.
Okay, then.
As you read the scroll labelled PERGHASTAAM, it crumbles to dust.
It is a scroll of brand weapon.
Your +0 quarterstaff is engulfed in flames!
f - a +0 quarterstaff of flaming
* * * LOW HITPOINT WARNING * * *
You feel very sick.
As you read the scroll labelled NUEVUR YSMUETS, it crumbles to dust.
A wave of despondency washes over your surroundings.
It was a scroll of vulnerability.
* * * LOW HITPOINT WARNING * * *
You feel sick.
The air fills with toxic fumes!
As you read the scroll labelled QAWNIR RUINE, it crumbles to dust.
It was a scroll of poison.
* * * LOW HITPOINT WARNING * * *
You feel sick.
Blink to where?
Press: ? - help, Dir - move target, f - you
Okay, then.
As you read the scroll labelled JETORUI OMOTO, it crumbles to dust.
It was a scroll of blinking.
You die...
Kikubaaqudgha rasps: "You have failed me!
Welcome... death!"

##..........#
#§§§#§§§§§§§.
#§§§#§§§§§§. #####
#§§§#§§§§§.
....####++#§§§§§§§§#
.........§§§§§§§§§§##
.........§§§§§§§r§§§###
...(.....§§§§§§5h§§§§§#
...>.....§§§§§§§@§#....
.........§§§§§§§§§§§# #
.........§§#§§§9§§§§§§§§
.........§§§§§§§§§######
.........§§##§#####
.........§..§§#
...........§§.#
..........§§###.#
########...##...#


You could see a friendly blazeheart golem (summoned, paralysed), a friendly
cerulean imp (summoned, weak-willed), a friendly quokka (summoned, weak-willed)
and a friendly inugami (summoned, weak-willed).

Vanquished Creatures
  A two-headed ogre (D:6)
  A water moccasin (D:5)
  A black bear (D:6)
  4 scorpions
  2 howler monkeys (D:5)
  A bombardier beetle (D:5)
  An iguana (D:5)
  An orc wizard (D:4)
  4 adders
  2 dart slugs
  5 orcs
  3 endoplasms
  2 giant cockroaches
  2 goblins
  3 hobgoblins
  A kobold (D:3)
  4 quokkas
  6 ball pythons
  3 bats
  2 frilled lizards
  2 rats
51 creatures vanquished.

Vanquished Creatures (collateral kills)
  2 water moccasins
  A black bear (D:5)
  A hound (D:4)
  Jessica (D:2)
  4 iguanas
  2 orc wizards (D:6)
  3 adders
  A dart slug (D:3)
  7 orcs
  2 ball pythons
  A bat (D:1)
  An endoplasm (D:4)
  3 goblins (D:3)
  2 hobgoblins
  2 quokkas
  2 kobolds
35 creatures vanquished.

Vanquished Creatures (others)
  2 blazeheart cores (D:6)
2 creatures vanquished.

Grand Total: 88 creatures vanquished

Notes
Turn   | Place    | Note
-------+----------+-------------------------------------------
     0 | D:1      | spaghetti the Deep Elf Summoner began the quest for the
                  | Orb.
     0 | D:1      | Reached XP level 1. HP: 10/10 MP: 6/6
  1118 | D:2      | Reached XP level 2. HP: 11/15 MP: 6/8
  1391 | D:2      | Noticed Jessica
  1411 | D:2      | Killed Jessica
  1412 | D:2      | Reached skill level 5 in Summonings
  1412 | D:2      | Reached XP level 3. HP: 6/19 MP: 3/10
  1415 | D:2      | Learned a level 2 spell: Call Imp
  1419 | D:2      | Learned a level 3 spell: Call Canine Familiar
  1726 | D:2      | Found Janowoqi's Weapon Boutique.
  1735 | D:2      | Bought a +0 dagger of venom for 57 gold pieces
  1971 | D:3      | Found Kolypibo's Book Boutique.
  2044 | D:3      | Found Xihesos's Assorted Antiques.
  2150 | D:3      | Found a snail-covered altar of Cheibriados.
  2364 | D:3      | Found Gill's Magic Scroll Shop.
  2371 | D:3      | Bought a scroll of fear for 44 gold pieces
  2371 | D:3      | Bought a scroll of identify for 22 gold pieces
  2448 | D:3      | Reached XP level 4. HP: 17/24 MP: 7/12
  3217 | D:4      | Found a runed translucent gate.
  3217 | D:4      | Found a runed translucent gate.
  3218 | D:4      | Found a runed translucent gate.
  3219 | D:4      | Noticed seawaffle's ghost (amateur DsSh)
  3234 | D:4      | Reached skill level 5 in Spellcasting
  3304 | D:4      | Noticed a scorpion
  3346 | D:4      | Killed a scorpion
  3347 | D:4      | Reached XP level 5. HP: 26/28 MP: 1/15
  3453 | D:4      | Found a bloodstained altar of Trog.
  3640 | D:4      | Learned a level 4 spell: Summon Blazeheart Golem
  3917 | D:4      | Reached skill level 1 in Fire Magic
  3955 | D:4      | Found an ancient bone altar of Kikubaaqudgha.
  3955 | D:4      | Found a faded altar of an unknown god.
  3963 | D:4      | Found a shimmering altar of Xom.
  3965 | D:4      | Found a faded altar of an unknown god.
  3967 | D:4      | Found a stormy altar of Qazlal.
  4368 | D:4      | Became a worshipper of Kikubaaqudgha
  4450 | D:5      | Entered Level 5 of the Dungeon
  4459 | D:5      | Reached XP level 6. HP: 26/32 MP: 10/17
  4574 | D:5      | Noticed a water moccasin
  4592 | D:5      | Killed a water moccasin
  4669 | D:5      | Reached XP level 7. HP: 36/36 MP: 12/19
  5182 | D:5      | Found a staircase to the Ecumenical Temple.
  5828 | D:6      | Noticed a two-headed ogre
  5835 | D:6      | Killed a two-headed ogre
  5836 | D:6      | Reached skill level 5 in Fire Magic
  5836 | D:6      | Reached XP level 8. HP: 41/41 MP: 12/23
  5847 | D:6      | Reached * piety under Kikubaaqudgha
  5847 | D:6      | Received a gift from Kikubaaqudgha
  6055 | D:6      | HP: 2/41 [poisoned by a water moccasin]
  6056 | D:6      | Succumbed to a water moccasin's poison

Illustrated notes

Levels and vault maps discovered:
D:1:      spicycebolla_arrival_ecumenical, layout_basic, serial_forest,
          infiniplex_forest_lined_3_way, infiniplex_forest_lined_4_way,
          infiniplex_forest_end_2, infiniplex_forest_lined_room_3,
          infiniplex_forest_clump_cross
D:2:      layout_basic, serial_shops, nicolae_shop_waterfront, minivault_24,
          minmay_misc_feat_room, uniq_jessica
D:3:      layout_basic, mainiacjoe_overflow_concentric_impassable, serial_shops,
          nicolae_shop_advertising_works [nicolae_subvault_shop_adworks], shop,
          nicolae_shop_tiny_waterfront
D:4:      layout_loops_ring, mainiacjoe_overflow_surrounded_room,
          chequers_temple_overflow_minitemple, ebering_ghost_rock_garden
D:5:      layout_basic, temple_fountains, st_stairs_10
D:6:      corexii_shantytown, layout_rooms, mainiacjoe_overflow_small_starburst,
          nicolae_wu_jian_immortal_techniques, nicolae_ashenzari_skybound,
          grunt_ministairs_4, uniq_maggie, uniq_blork_the_orc

Skill      XL: |  1  2  3  4  5  6  7  8 |
---------------+-------------------------+-----
Spellcasting   | 4 5 6 7 9 |  9.9
Summonings     | 5 6 7 8 9 |  9.4
Fire Magic     | 1 3 5 |  5.0
Dodging        | |  2.4
Stealth        | |  2.4

Action                     |  1- 3 |  4- 6 |  7- 9 || total
---------------------------+-------+-------+-------++-------
  Melee: Quarterstaff      |    40 |       |       ||    40
         Unarmed           |     3 |       |       ||     3
         Dagger            |    24 |    88 |    32 ||   144
         Punch             |     1 |     2 |       ||     3
   Cast: Summon Small Mamm |    22 |    10 |    15 ||    47
         Call Canine Famil |     5 |    16 |    12 ||    33
         Call Imp          |     4 |    14 |    11 ||    29
         Summon Blazeheart |       |       |     5 ||     5
  Evoke: Wand              |       |     4 |       ||     4
    Use: Potion            |     1 |     1 |       ||     2
         Scroll            |     4 |     1 |     4 ||     9
   Stab: Sleeping          |     5 |     3 |       ||     8
         Distracted        |       |     1 |     2 ||     3
 Armour: Robe              |    32 |    42 |    27 ||   101
  Dodge: Dodged            |    59 |    65 |    19 ||   143
